 Dungeon Crawl Stone Soup version 0.23-a0-494-g91793a9 (webtiles) character file.

131 zishaf the Changer (level 5, 0/26 HPs)
             Began as a Vine Stalker Transmuter on Dec 4, 2018.
             Slain by an orc (1 damage)
             ... on level 3 of the Dungeon.
             The game lasted 00:03:32 (2177 turns).

zishaf the Changer (Vine Stalker Transmuter)        Turns: 2177, Time: 00:03:33

Health: 0/26       AC:  3    Str: 13    XL:     5   Next: 14%
Magic:  0/9        EV: 12    Int: 13    God:
Gold:   128        SH:  0    Dex: 15    Spells: 7/8 levels left

rFire    . . .     SeeInvis .   a - +0 great mace
rCold    . . .     Gourm    .   (shield currently unavailable)
rNeg     . . .     Faith    .   g - +0 leather armour
rPois    .         Spirit   +   (no helmet)
rElec    .         Reflect  .   (no cloak)
rCorr    +         Harm     .   (no gloves)
MR       .....                  (no boots)
Stlth    +.........             (no amulet)
HPRegen  0.48/turn              o - ring of resist corrosion
MPRegen  0.11/turn              (no ring)

@: drained
A: fangs 2, regeneration 1, magic shield, antimagic bite, no potion heal 3, rot
immunity
a: no special abilities


You were on level 3 of the Dungeon.
You were not hungry.

You visited 1 branch of the dungeon, and saw 3 of its levels.

You collected 128 gold pieces.

Inventory:

Hand Weapons
 a - a +0 great mace (weapon)
 b - a +0 hunting sling
Missiles
 m - 22 arrows
 n - 117 stones (quivered)
 q - 25 sling bullets
Armour
 g - a +0 leather armour (worn)
Jewellery
 o - a ring of resist corrosion (left hand)
Scrolls
 c - a scroll of remove curse {unknown}
 e - a scroll of magic mapping {unknown}
 f - a scroll of random uselessness {unknown}
 h - 2 scrolls of identify {unknown}
 j - 3 scrolls of teleportation {unknown}
 l - a scroll of fog {unknown}
 r - a scroll of enchant armour {unknown}
 s - a scroll of amnesia {unknown}
Potions
 i - 2 potions of lignification {unknown}
 k - a potion of curing {unknown}
 p - a potion of degeneration {unknown}
 t - a potion of haste {unknown}
 v - a potion of flight {unknown}
 w - a potion of magic {unknown}
Comestibles
 d - 6 rations
 u - a chunk of flesh


   Skills:
 + Level 2.1(2.0) Fighting
 + Level 2.4 Dodging
 - Level 3.0(2.9) Unarmed Combat
 - Level 2.1 Spellcasting
 * Level 3.9 Transmutations


You had 7 spell levels left.
You knew the following spells:

 Your Spells              Type           Power        Failure   Level  Hunger
a - Beastly Appendage     Tmut           ##....       6%          1    ##.....

Your spell library contained the following spells:

 Spells                   Type           Power        Failure   Level  Hunger
 Sticks to Snakes         Tmut           ##......     10%         2    ###....
 Spider Form              Tmut/Pois      #.........   41%         3    ####...
 Ice Form                 Ice/Tmut       #.......     82%         4    #####..
 Blade Hands              Tmut           ##........   87%         5    ######.


Dungeon Overview and Level Annotations

Branches:
Dungeon (3/15)

Altars:
Cheibriados


Innate Abilities, Weirdness & Mutations

You have extremely sharp teeth.
Your natural rate of healing is unusually fast.
When hurt, damage is shared between your health and your magic reserves.
Your bite disrupts and absorbs the magic of your enemies.
Potions cannot restore your health.
You are immune to rotting.


Message History

The orc wizard misses you.
You sock the orc wizard!
You bite the orc wizard, but do no damage.
The orc wizard is severely wounded.
The orc hits you with a +0 short sword. The orc wizard misses you.
The orc hits you with a +0 club. The orc hits you.
The orc hits you with a +0 short sword.
The orc wizard hits you with a +0 dagger of draining.
* * * LOW HITPOINT WARNING * * *
You feel drained.
You barely miss the orc wizard. You bite the orc wizard.
You kill the orc wizard!
You have reached level 5!
The orc barely misses you. The orc closely misses you.
The orc hits you with a +0 short sword.
* * * LOW HITPOINT WARNING * * *
The orc hits you with a +0 club.
* * * LOW HITPOINT WARNING * * *
The orc hits you.
You die...

#......#≈.....≈#........#
########≈≈≈≈≈≈≈#........#
#########........#
#..........##
#########.###.....#
#.........###.....#
#.................#
#....o...#........#
#....)@..#........#
#....oo..#........#
#........#......#.#
.$........#......#.#
##...(....#......# #
#........###<####
##.####### #.


You could see 3 orcs.

Vanquished Creatures
  An orc wizard (D:3)
  Jessica (D:2)
  An adder (D:3)
  An ooze (D:2)
  A worm (D:2)
  4 dart slugs
  3 leopard geckos
  2 ball pythons
  9 bats
  2 giant cockroaches
  7 goblins
  4 hobgoblins
  4 frilled lizards
  5 kobolds
  8 rats
53 creatures vanquished.

Notes
Turn   | Place    | Note
-------+----------+-------------------------------------------
     0 | D:1      | zishaf the Vine Stalker Transmuter began the quest for the
                  | Orb.
     0 | D:1      | Reached XP level 1. HP: 9/9 MP: 4/4
    62 | D:1      | Reached skill level 1 in Fighting
    95 | D:1      | Reached XP level 2. HP: 5/14 MP: 3/6
   569 | D:1      | Reached XP level 3. HP: 8/18 MP: 7/7
   997 | D:2      | Noticed Jessica
  1189 | D:2      | Killed Jessica
  1189 | D:2      | Gained mutation: Your natural rate of healing is unusually
                  | fast. [Vine Stalker growth]
  1189 | D:2      | Reached XP level 4. HP: 19/23 MP: 6/8
  1730 | D:2      | Found a snail-covered altar of Cheibriados.
  2177 | D:3      | Reached XP level 5. HP: 7/26 MP: 2/9
  2177 | D:3      | HP: 1/26 [orc/+0 club (4)]
  2177 | D:3      | Slain by an orc

Vault maps used:
D:1:      evilmike_arrival_hilbert_curve, minivault_26,
          chequers_serial_rivers_micro_a
D:2:      kennysheep_slug_shrine, first_ration, uniq_jessica
D:3:      dk_vineyard_1, uniq_ijyb

Skill      XL: |  1  2  3  4 |
---------------+-------------+-----
Fighting       | 1 2 |  2.1
Dodging        | 2 |  2.4
Transmutations | 3 |  3.9
Unarmed Combat | |  3.0
Spellcasting   | |  2.1

Action                   |  1- 3 |  4- 6 || total
-------------------------+-------+-------++-------
Melee: Unarmed           |    81 |     3 ||    84
       Bite              |    21 |    12 ||    33
       Punch             |     2 |       ||     2
       Great mace        |       |    44 ||    44
 Fire: Hunting sling     |     3 |     6 ||     9
 Stab: Sleeping          |     1 |       ||     1
  Eat: Chunk             |     1 |     3 ||     4
Armor: Robe              |     5 |       ||     5
       Leather armour    |    12 |    17 ||    29
Dodge: Dodged            |    45 |    35 ||    80

Table legend:
 A = Non-vault XP
 B = Vault XP
 C = Vault XP percentage of total XP
 D = Non-vault monster count
 E = Vault monster count
 F = Vault count percentage of total count
                 A         B        C        D         E       F
            +---------+---------+-------+---------+---------+-------
      Total |     147 |      41 |  21.8 |      51 |       2 |   3.8
            +---------+---------+-------+---------+---------+-------
        D:1 |      40 |       0 |   0.0 |      23 |       0 |   0.0
        D:2 |      50 |      41 |  45.1 |      24 |       2 |   7.7
        D:3 |      57 |       0 |   0.0 |       4 |       0 |   0.0
            +---------+---------+-------+---------+---------+-------
